AoeStats
← juanse071213

Arena

510007200Analyzed
3v3 RM · 2d ago on Sep 29, 2026· 36m 31s· 6 players
Game mode
Random Map
Map size
Normal (6 player)
Population
200
Speed
Normal
Resources
Standard
Victory
Conquest
Starting age
Dark Age
Ending age
Imperial Age
RankedLock teamsTeams togetherTeam positionsShared explorationLock speedFull tech treeHidden civsTurbo modeCheats
Victory
Defeat
🇨🇴 Spanish · Colombia
924
+14
🇨🇴 Persians · Colombia
871
+16
🇨🇴 Lithuanians · Colombia
865
+16
🇨🇱 Persians · Chile
916
-18
🇦🇷 Vikings · Argentina
869
-15
🇨🇱 Spanish · Chile
826
-13
Producto.Machete
ISCO
10:02 Feudal Age
10:32 Double-Bit Axe
10:28 Horse Collar
15:30 Castle Age
18:24 Wheelbarrow
20:03 Heavy Plow
22:23 Bow Saw
24:00 Husbandry
24:56 Bloodlines
26:48 Gold Mining
32:16 Imperial Age
30:05 Hand Cart
30:42 Ballistics
30:38 Forging
32:12 Scale Barding Armor
32:44 Iron Casting
32:19 Elite Skirmisher
33:14 Heavy Camel Rider
34:29 Thumb Ring
36:58 Blast Furnace
Kitoow
11:22 Feudal Age
16:38 Castle Age
14:47 Double-Bit Axe
17:47 Horse Collar
18:39 Gold Mining
22:31 Heavy Plow
25:56 Town Watch
26:47 Wheelbarrow
26:00 Loom
30:30 Imperial Age
30:41 Imperial Age
27:59 Loom
29:47 Pikeman
32:12 Ballistics
32:16 Stone Mining
35:33 Chemistry
sebastian susa
10:21 Feudal Age
11:00 Horse Collar
16:21 Castle Age
14:48 Double-Bit Axe
15:26 Stone Mining
15:33 Town Watch
17:38 Wheelbarrow
17:18 Gold Mining
18:55 Pikeman
23:00 Heavy Plow
27:27 Hand Cart
30:06 Imperial Age
29:37 Stone Shaft Mining
29:18 Padded Archer Armor
29:08 Fletching
29:21 Fletching
30:24 Ballistics
30:18 Scale Barding Armor
30:52 Bow Saw
30:57 Squires
30:43 Arson
31:45 Hand Cart
32:36 Conscription
31:41 Halberdier
33:00 Town Patrol
34:48 Chemistry
34:41 Chain Barding Armor
34:17 Bodkin Arrow
35:06 Elite Conquistador
darherlo
12:06 Feudal Age
10:22 Loom
16:09 Castle Age
15:12 Double-Bit Axe
15:23 Horse Collar
16:07 Fletching
16:19 Padded Archer Armor
17:36 Husbandry
18:21 Heavy Plow
19:15 Crossbowman
26:22 Kamandaran
26:49 Ballistics
27:49 Bow Saw
28:16 Bodkin Arrow
28:36 Leather Archer Armor
29:00 Thumb Ring
30:10 Masonry
31:49 Gold Mining
31:51 Stone Mining
36:54 Imperial Age
35:01 Wheelbarrow
34:11 Town Watch
juanse071213
1:07 Loom
11:30 Feudal Age
16:28 Castle Age
15:10 Double-Bit Axe
17:34 Squires
18:46 Bow Saw
19:02 Horse Collar
20:25 Pikeman
23:36 Wheelbarrow
23:59 Forging
23:58 Gold Mining
25:39 Heavy Plow
30:07 Imperial Age
28:42 Scale Barding Armor
29:33 Stone Mining
30:54 Chain Barding Armor
31:10 Iron Casting
31:35 Conscription
32:42 Ballistics
32:14 Fletching
35:09 Tower Shields
36:12 Plate Barding Armor
Connection lost

Rejoining the realm…

Still unreachable

The connection could not be restored.

Session expired

The server has moved on; the page needs a fresh start.